 Dungeon Crawl Stone Soup version 0.28.0 (webtiles) character file.

Game seed: 6409336572870589709

1019 SnakkuSnakku7 the Stinger (level 8, -1/42 HPs)
             Began as a Deep Elf Artificer on Feb 16, 2022.
             Was a Follower of Okawaru.
             Slain by an orc (4 damage)
             ... on level 5 of the Dungeon.
             The game lasted 00:11:16 (9000 turns).

SnakkuSnakku7 the Stinger (Deep Elf Artificer)      Turns: 9000, Time: 00:11:16

Health: -1/42      AC:  4    Str: 11    XL:     8   Next: 2%
Magic:  2/13       EV: 12    Int: 17    God:    Okawaru [*.....]
Gold:   25         SH:  0    Dex: 15    Spells: 6/12 levels left

rFire   . . .      SeeInvis .   m - +0 whip (venom)
rCold   . . .      Faith    .   (no shield)
rNeg    . . .      Spirit   .   b - +0 leather armour
rPois   .          Reflect  .   (no helmet)
rElec   .          Harm     .   o - +0 cloak
rCorr   .          Rampage  .   (no gloves)
Will    .....                   (no boots)
Stlth   ++........              (no amulet)
HPRegen 0.14/turn               (no ring)
MPRegen 0.13/turn               (no ring)

@: no status effects
A: no striking features
a: Renounce Religion, Heroism


You were on level 5 of the Dungeon.
You worshipped Okawaru.
Okawaru was aware of your devotion.
You visited 1 branch of the dungeon, and saw 5 of its levels.
You also visited: Sewer.

You collected 97 gold pieces.
You spent 72 gold pieces at shops.

Inventory:

Hand Weapons
 a - a +0 club
 f - a +0 whip
 m - a +0 whip of venom (weapon)
Missiles
 g - 36 arrows
Armour
 b - a +0 leather armour (worn)
 o - a +0 cloak (worn)
 q - a +0 ring mail
Jewellery
 d - a ring of protection from cold
 x - an amulet of reflection
 y - a ring of see invisible
Wands
 c - a wand of flame (3)
 B - a wand of polymorph (9)
Scrolls
 i - a scroll of enchant weapon {unknown}
 j - 2 scrolls of vulnerability {unknown}
 k - 4 scrolls of teleportation
 n - a scroll of identify {unknown}
 r - a scroll of immolation {unknown}
Potions
 h - a potion of attraction {unknown}
 l - 3 potions of lignification {unknown}
 p - 3 potions of curing {unknown}
 s - 3 potions of resistance
 t - 2 potions of mutation {unknown}
 u - a potion of brilliance {unknown}
 v - a potion of haste
 w - a potion of invisibility {unknown}
 z - a potion of heal wounds
 A - a potion of ambrosia {unknown}
Miscellaneous
 e - a piece from Xom's chessboard (15/15)


   Skills:
 - Level 0.7 Fighting
 - Level 0.7 Armour
 - Level 2.4 Dodging
 - Level 1.2 Stealth
 - Level 2.6 Spellcasting
 - Level 4.0 Air Magic
 + Level 7.6 Poison Magic
 - Level 5.1 Evocations


You had 6 spell levels left.
You knew the following spells:

 Your Spells              Type           Power      Damage    Failure   Level
a - Olgreb's Toxic Radia  Pois           28%        N/A       11%         4
b - Poisonous Vapours     Pois/Air       44%        N/A       3%          2

Your spell library contained the following spells:

 Spells                   Type           Power      Damage    Failure   Level
 Sting                    Tmut/Pois      60%        1d6       4%          1
 Corpse Rot               Necr/Air       18%        N/A       16%         2


Dungeon Overview and Level Annotations

Branches:
Dungeon (5/15)              Sewer (visited)
 Temple: D:4-7

Altars:
Hepliaklqana
Kikubaaqudgha
Makhleb
Nemelex Xobeh
Okawaru
Wu Jian
Xom
Zin
The Shining One

Shops:
D:1 !

Annotations:
D:5 Dowan, Duvessa


Message History

Aiming: Poisonous Vapours (safe; 3% risk of failure)
Press: ? - help, Q - select action, (/) - cycle Dir - move target, f/p - Duvessa
Aim: Duvessa, wielding a +0 rapier of freezing and wearing a +0 leather armour (moderately wounded, very poisoned) Poisonous vapours surround Duvessa!
Duvessa looks as sick as possible!
Unknown command.
Aiming: Poisonous Vapours (safe; 3% risk of failure)
Press: ? - help, Q - select action, (/) - cycle Dir - move target, f/p - Duvessa
Aim: Duvessa, wielding a +0 rapier of freezing and wearing a +0 leather armour (moderately wounded, extremely poisoned) Poisonous vapours surround Duvessa!
Duvessa looks as sick as possible!
The orc hits you but does no damage.
You hit the orc.
The orc is moderately wounded.
The orc misses you. The orc hits you with a +0 whip.
Press: ? - help, v - describe, . - travel
Here: Duvessa, wielding a +0 rapier of freezing and wearing a +0 leather armour (moderately wounded, extremely poisoned)
The floor.
You hit Duvessa.
Duvessa looks as sick as possible!
Duvessa is heavily wounded.
The orc hits you with a +0 hand axe. Duvessa barely misses you.
The orc hits you but does no damage. The orc barely misses you.
You hit Duvessa.
Duvessa looks as sick as possible!
Duvessa is heavily wounded.
Duvessa hits you with a +0 rapier of freezing.
Duvessa freezes you. The orc hits you with a +0 whip.
The orc hits you with a +0 hand axe.
Dowan shouts!
You hit the orc but do no damage.
The orc is lightly wounded.
Duvessa completely misses you. The orc barely misses you.
Dowan mumbles some strange words.
Dowan blinks!
The orc hits you with a +0 hand axe.
Unknown command.
You hit the orc.
The orc is poisoned.
The orc is heavily wounded.
Duvessa hits you with a +0 rapier of freezing!
* * * LOW HITPOINT WARNING * * *
Duvessa freezes you.
* * * LOW HITPOINT WARNING * * *
The orc hits you with a +0 whip.
You die...

##.........................
##..<...##..##..#§......#....#
###.....##......#..##.###....##
#....##...........##..##.......
##..###............##........#
#...#.......................#
#...........................#
###............eoo..........#
#.....)........)@[..........#
#...........................#
##...####.........[..>.........
#...## ##.....####....(........
##..## #...#########....####...
##...# #..# ......|.##.........
.....###..#.≈≈≈≈≈≈≈.#.........#
##.#......#≈..≈≈≈..≈#.........#
###..#..##≈.≈...≈.≈#.........#


You could see Duvessa (extremely poisoned) and 2 orcs.

Vanquished Creatures
  Eustachio (D:5)
  Edmund (D:4)
  Pargi (D:3)
  An ogre (D:4)
  Blork the orc (D:5)
  A scorpion (D:5)
  An orc priest (D:4)
  A bullfrog skeleton (D:5)
  2 jellies
  2 iguanas
  An orc wizard (D:4)
  2 hound skeletons (D:4)
  3 gnolls (D:3)
  A howler monkey skeleton (D:5)
  10 adders
  A white imp (D:5)
  An ufetubus (D:4)
  A worm (D:4)
  2 dart slugs
  11 orcs
  6 ball pythons
  5 bats
  7 endoplasms
  7 giant cockroaches
  5 hobgoblins
  4 jackals (D:3)
  2 quokkas
  8 frilled lizards
  6 goblins
  10 kobolds
  16 rats
121 creatures vanquished.

Notes
Turn   | Place    | Note
-------+----------+-------------------------------------------
     0 | D:1      | SnakkuSnakku7 the Deep Elf Artificer began the quest for
                  | the Orb.
     0 | D:1      | Reached XP level 1. HP: 11/11 MP: 3/3
   575 | D:1      | Found a faded altar of an unknown god.
   873 | D:1      | Reached XP level 2. HP: 16/16 MP: 4/4
  1780 | D:1      | Found Voagh's Distillery.
  2324 | D:2      | Reached XP level 3. HP: 20/20 MP: 5/5
  2648 | D:1      | Bought a potion of degeneration for 12 gold pieces
  2743 | D:3      | Reached skill level 5 in Evocations
  2786 | D:3      | Found an ancient bone altar of Kikubaaqudgha.
  2885 | D:3      | Reached skill level 1 in Poison Magic
  2886 | D:3      | Found a glowing drain.
  2994 | Sewer    | Entered a sewer
  3083 | Sewer    | Reached XP level 4. HP: 24/24 MP: 6/6
  3451 | Sewer    | Reached skill level 2 in Poison Magic
  3713 | Sewer    | Found a viscous altar of Jiyva.
  3718 | Sewer    | Reached skill level 3 in Poison Magic
  3846 | D:3      | Reached XP level 5. HP: 17/28 MP: 7/7
  4440 | D:3      | Learned a level 4 spell: Olgreb's Toxic Radiance
  4653 | D:3      | Found an iron altar of Okawaru.
  4663 | D:3      | Became a worshipper of Warmaster Okawaru
  4684 | D:3      | Noticed Pargi
  4712 | D:3      | Killed Pargi
  4713 | D:3      | Reached skill level 4 in Poison Magic
  5075 | D:3      | Reached skill level 5 in Poison Magic
  5090 | D:3      | Found a sparkling altar of Nemelex Xobeh.
  5469 | D:3      | Reached XP level 6. HP: 12/33 MP: 8/8
  5899 | D:4      | Found a glowing golden altar of the Shining One.
  6222 | D:4      | Noticed Edmund
  6425 | D:1      | Bought a potion of heal wounds for 60 gold pieces
  6623 | D:4      | Found a shimmering altar of Xom.
  6623 | D:4      | Noticed an angel
  6625 | D:4      | Found a glowing silver altar of Zin.
  6774 | D:4      | Reached skill level 1 in Spellcasting
  6791 | D:4      | Learned a level 2 spell: Poisonous Vapours
  6842 | D:4      | Reached skill level 1 in Air Magic
  7456 | D:4      | Found a hazy altar of Hepliaklqana.
  7521 | D:4      | Found an ornate altar of the Wu Jian Council.
  7572 | D:4      | Reached XP level 7. HP: 19/37 MP: 11/11
  7892 | D:4      | Killed Edmund
  7892 | D:4      | Reached * piety under Okawaru
  8074 | D:5      | Entered Level 5 of the Dungeon
  8125 | D:5      | Noticed Blork the orc
  8139 | D:5      | Killed Blork the orc
  8144 | D:4      | Reached skill level 6 in Poison Magic
  8375 | D:5      | Noticed Eustachio
  8388 | D:5      | Killed Eustachio
  8389 | D:5      | Reached skill level 7 in Poison Magic
  8483 | D:5      | Found a burning altar of Makhleb.
  8826 | D:5      | Reached XP level 8. HP: 26/42 MP: 13/13
  8972 | D:5      | Noticed Duvessa
  8973 | D:5      | Noticed Dowan
  9000 | D:5      | Slain by an orc

Illustrated notes

Levels and vault maps discovered:
D:1:      dpeg_arrival_signposts, layout_basic, serial_shops,
          nicolae_shop_behind_doors, chequers_ecumenical_altar_island,
          chequers_serial_rivers_small_3
D:2:      layout_rooms
D:3:      layout_loops_cross, lemuel_tele_altar, okawaru_metal_pillars_1_2,
          lemuel_doored_altar, portal_sewer_entry_d, minmay_box_of_dots,
          uniq_pargi
D:4:      layout_basic, general_overflow_altar, kennysheep_mini_moat,
          grunt_temple_overflow_order_and_chaos_1, tso_altar, uniq_edmund
D:5:      layout_cave_pools, mainiacjoe_overflow_paths,
          trog_three_pillars_becter, uniq_crazy_yiuf_cottage,
          uniq_blork_the_orc, uniq_sigmund, uniq_menkaure, uniq_duvessa,
          uniq_eustachio

Skill      XL: |  1  2  3  4  5  6  7 |
---------------+----------------------+-----
Evocations     | 4 5 |  5.1
Poison Magic   | 1 3 5 7 |  7.6
Spellcasting   | 1 2 |  2.6
Air Magic      | 3 4 |  4.0
Fighting       | |  0.7
Armour         | |  0.7
Dodging        | |  2.4
Stealth        | |  1.2

Action                   |  1- 3 |  4- 6 |  7- 9 || total
-------------------------+-------+-------+-------++-------
Melee: Whip              |   180 |   174 |    42 ||   396
       Punch             |     4 |     3 |       ||     7
 Cast: Poisonous Vapours |       |    16 |    33 ||    49
Evoke: Wand              |     5 |     3 |     4 ||    12
  Use: Scroll            |       |     1 |       ||     1
       Potion            |       |     1 |       ||     1
 Stab: Sleeping          |     3 |     3 |       ||     6
Armor: Leather armour    |    49 |    42 |    19 ||   110
       Ring mail         |    21 |    29 |       ||    50
Dodge: Dodged            |   127 |   149 |    47 ||   323
